 Seeded DCSS version 0.30-a0-459-g9104f0fc43 (webtiles) character file.

Game seed: 20221215 (custom seed)

24372 flotson the Fighter (level 12, -2/85 HPs)
             Began as a Demonspawn Delver on Dec 15, 2022.
             Was a Priest of Hepliaklqana.
             Slain by a wyvern (8 damage)
             ... on level 2 of the Lair of Beasts.
             The game lasted 00:34:44 (13283 turns).

flotson the Fighter (Demonspawn Delver)            Turns: 13283, Time: 00:34:44

Health: -2/85      AC: 18    Str: 25    XL:     12   Next: 80%
Magic:  0/18       EV: 13    Int: 11    God:    Hepliaklqana [***...]
Gold:   374        SH:  5    Dex: 14    Spells: 11/11 levels left

rFire   . . .      SeeInvis +    a - +5 broad axe (freeze)
rCold   + . .      Faith    .    T - +0 buckler
rNeg    . . .      Spirit   +    E - +1 scale mail "Mithry" {rC+ Will+}
rPois   .          Reflect  .    (helmet unavailable)
rElec   .          Harm     .    J - +2 cloak
rCorr   .          Rampage  .    P - +0 pair of gloves
Will    +....                    N - +0 pair of boots
Stlth   ++........               V - amulet of guardian spirit
HPRegen 0.34/turn                R - +6 ring of strength
MPRegen 0.16/turn                (no ring)

@: about to teleport, marked
A: reduced essence, antennae 3, thin metallic scales 2, foul stench 1, spiny 2
a: Renounce Religion, Recall Ancestor, Ancestor Identity, Transference


You were on level 2 of the Lair of Beasts.
You worshipped Hepliaklqana.
Hepliaklqana was most pleased with you.
You visited 3 branches of the dungeon, and saw 13 of its levels.
You also visited: Sewer and Ice Cave.

You collected 724 gold pieces.
You spent 350 gold pieces at shops.

Inventory:

Hand Weapons
 a - a +5 broad axe of freezing (weapon)
 b - a +4 scimitar of flaming
Missiles
 d - 3 javelins
 j - 13 boomerangs (quivered)
 I - 38 poisoned darts
 S - 3 curare-tipped darts
Armour
 E - the +1 scale mail "Mithry" (worn) {rC+ Will+}
   (You found it on level 3 of the Dungeon)

   rC:        It protects you from cold.
   Will:      It increases your willpower.
 J - a +2 cloak (worn)
 L - a +3 leather armour of fire resistance
 N - a +0 pair of boots (worn)
 P - a +0 pair of gloves (worn)
 T - a +0 buckler (worn)
Jewellery
 e - an amulet of regeneration
 r - a ring of ice
 R - a +6 ring of strength (left hand)
 V - an amulet of guardian spirit (around neck)
Wands
 g - a wand of digging (3)
 h - a wand of charming (12)
 x - a wand of mindburst (15)
 D - a wand of quicksilver (1)
 H - a wand of flame (66)
 W - a wand of polymorph (2)
Scrolls
 c - 4 scrolls of fog
 i - 4 scrolls of teleportation
 k - a scroll of vulnerability
 l - a scroll of enchant armour
 n - 2 scrolls of poison
 s - 3 scrolls of magic mapping
 y - a scroll of noise {unknown}
 z - a scroll of butterflies {unknown}
 A - a scroll of brand weapon
 F - 2 scrolls of immolation
 K - a scroll of blinking {unknown}
 X - a scroll of silence {unknown}
Potions
 f - 3 potions of might
 m - 2 potions of resistance
 o - 5 potions of flight
 p - 3 potions of heal wounds
 q - 4 potions of curing
 t - 2 potions of mutation
 u - 4 potions of berserk rage
 v - a potion of lignification
 w - 2 potions of haste
 B - 6 potions of attraction
 G - 2 potions of ambrosia
 U - a potion of cancellation


   Skills:
 + Level 9.1 Fighting
 + Level 7.0 Axes
 + Level 7.5 Throwing
 + Level 7.9 Armour
 + Level 8.0 Dodging
 - Level 5.0 Stealth
 + Level 4.8 Shields
 - Level 8.0 Invocations
 + Level 8.5 Evocations


You had 11 spell levels left.
You didn't know any spells.
Your spell library contained the following spells:

 Spells                   Type           Power      Damage    Failure   Level
 Beastly Appendage        Tmut           0%         N/A       69%         1
 Magic Dart               Conj           0%         1d3       69%         1
 Slow                     Hex            0%         N/A       69%         1
 Blink                    Tloc           0%         N/A       83%         2
 Call Imp                 Summ           0%         N/A       83%         2
 Momentum Strike          Conj/Tloc      0%         3d8       83%         2
 Static Discharge         Conj/Air       0%         2-2/arc   83%         2
 Wereblood                Tmut           0%         N/A       83%         2
 Confusing Touch          Hex            0%         N/A       96%         3
 Gell's Gravitas          Tloc           0%         N/A       96%         3
 Kindle Blastsparks       Fire/Tloc/Air  0%         2d10      96%         3
 Lesser Beckoning         Tloc           0%         N/A       96%         3
 Mephitic Cloud           Conj/Pois/Air  0%         N/A       96%         3
 Ozocubu's Armour         Ice            0%         N/A       96%         3
 Spider Form              Tmut/Pois      0%         N/A       96%         3
 Teleport Other           Tloc           0%         N/A       96%         3
 Vampiric Draining        Necr           0%         2d6       96%         3
 Vhi's Electric Charge    Tloc/Air       0%         N/A       96%         3
 Fulminant Prism          Conj/Hex       0%         3d5       100%        4
 Iskenderun's Mystic Bla  Conj/Tloc      0%         2d3       100%        4
 Leda's Liquefaction      Hex/Erth       0%         N/A       100%        4
 Manifold Assault         Tloc           0%         N/A       100%        4
 Summon Lightning Spire   Summ/Air       0%         N/A       100%        4
 Arcjolt                  Conj/Air       0%         1d10      100%        5
 Lee's Rapid Deconstruct  Erth           0%         3d4*      100%        5
 Lightning Bolt           Conj/Air       0%         1d11      100%        5
 Metabolic Englaciation   Hex/Ice        0%         N/A       100%        5
 Eringya's Noxious Bog    Tmut/Pois      0%         N/A       100%        6
 Statue Form              Tmut/Erth      0%         N/A       100%        6
 Storm Form               Tmut/Air       0%         N/A       100%        7


Dungeon Overview and Level Annotations

Branches:
Dungeon (10/15)            Temple (1/1) D:6            Lair (2/5) D:9
    Orc (0/2) D:10          Sewer (visited)           IceCv (visited)
  Swamp: Lair:2-3    Shoals: Lair:2-3     Snake: Lair:2-3    Spider: Lair:2-3

Altars:
Ashenzari
Cheibriados
Dithmenos
Fedhas
Gozag
Hepliaklqana
Makhleb
Nemelex Xobeh
Okawaru
Ru
Sif Muna
Trog
Uskayaw
Vehumet
Wu Jian
Xom
Yredelemnul

Shops:
D:2 ?**:*   D:7 =

Annotations:
D:9 1 transporter, flotson's ghost, journeyman DsDe
Lair:1 2 transporters


Innate Abilities, Weirdness & Mutations

Your life essence is reduced to manifest your ancestor. (-10% HP)
You have a pair of large antennae on your head. (SInv)
You are mostly covered in thin metallic scales. (AC +3)
You may rarely emit foul miasma when damaged in melee.
You are mostly covered in sharp spines.


Message History

The puff of frost hits the polar bear.
The polar bear resists.
The polar bear is struck by your spines.
The polar bear bites you!
The polar bear claws you but does no damage.
The polar bear claws you.
* * * LOW HITPOINT WARNING * * *
A yak comes into view.
A basilisk comes into view.
The cane toad stings you.
* * * LOW HITPOINT WARNING * * *
You are poisoned.
The cane toad poisons you! The wyvern is struck by your spines.
The wyvern closely misses you.
Your Dodging skill increases to level 8!
You barely miss the wyvern.
The wyvern is lightly wounded.
You hit the polar bear. You freeze the polar bear. You hit the cane toad.
You freeze the cane toad.
You feel very sick. The wyvern is struck by your spines. The wyvern bites you.
* * * LOW HITPOINT WARNING * * *
The blink frog blinks!
The cane toad is struck by your spines.
The cane toad stings you but does no damage.
The polar bear goes berserk!
A yak comes into view.
The wyvern bites you but does no damage.
The cane toad stings you!
* * * LOW HITPOINT WARNING * * *
You are more poisoned.
The cane toad poisons you!
Cyneburga points at the polar bear and mumbles some strange words.
The puff of frost hits the polar bear.
The polar bear resists.
You feel better. You block the polar bear's attack.
The polar bear claws you but does no damage. x2
The wyvern is struck by your spines. The wyvern closely misses you.
The polar bear is struck by your spines.
You kill the polar bear!
The cane toad stings you!
* * * LOW HITPOINT WARNING * * *
The wyvern bites you!
You die...

#..# #..# #.. . #.. ##
.# #.#.P#.. #+#..
#.#... #...# ###ยง.#
#..# {#Rll# #######..
{{ #@#{## #..#.#...
#.FF#{{# #........
#!YFhh#..#####........
###Yh##.{#R#..........
#.. #..)##..........
#.# #...............
#. #............... ##
#...............
#.##.....##.####


You could see the friendly Cyneburga the battlemage, a polar bear, 2 yaks, a
cane toad, a basilisk, a blink frog (distracted, frozen), 2 black bears, a
wyvern and a bullfrog.

Vanquished Creatures
  Gastronok (D:9)
  An azure jelly (IceCv)
  2 quicksilver oozes (IceCv)
  2 centaur warriors (D:9)
  2 two-headed ogres (D:8)
  Pikel (D:4)
  An ice statue (IceCv)
  Psyche (D:10)
  A cane toad (Lair:1)
  A rime drake (Lair:2)
  A komodo dragon (Lair:2)
  3 polar bears (Lair:2)
  2 trolls (D:9)
  Grinder (D:3)
  A hornet (D:8)
  6 slime creatures (IceCv)
  9 yaks
  A vampire (D:8)
  A wyvern (D:9)
  Grum (D:9)
  2 vampire mosquitoes (D:10)
  An ice beast (D:7)
  4 water moccasins
  4 orc warriors
  A black bear (Lair:2)
  5 ogres
  A great orb of eyes simulacrum (IceCv)
  3 centaurs
  8 wolves
  2 slime creature simulacra (IceCv)
  4 lemures
  A phantom (D:3)
  A glowing shapeshifter simulacrum (IceCv)
  5 kobold brigands
  A bullfrog (D:8)
  6 wights
  8 killer bees
  5 electric eels (D:10)
  5 howler monkeys
  2 hounds
  4 orc priests
  A gnoll bouda (D:10)
  2 jellies
  Crazy Yiuf (D:6)
  Jessica (D:2)
  5 iguanas
  8 orc wizards
  A hell rat (Sewer)
  A shapeshifter simulacrum (IceCv)
  4 gnolls
  10 adders
  3 river rats (Sewer)
  2 shadow imps (D:7)
  3 white imps
  4 ufetubi
  4 worms
  3 dart slugs
  31 orcs
  5 bats
  6 endoplasms
  5 giant cockroaches
  10 hobgoblins
  26 kobolds
  7 quokkas
  9 ball pythons
  5 frilled lizards
  5 goblins
  10 rats
284 creatures vanquished.

Vanquished Creatures (collateral kills)
  Fannar (Lair:2)
  A boulder beetle (D:10)
  Erica (D:8)
  A cyclops (D:9)
  A cane toad (Lair:2)
  An ice statue (IceCv)
  A torpor snail (Lair:1)
  A tengu conjurer (D:8)
  A komodo dragon (D:9)
  8 slime creatures (IceCv)
  6 yaks
  A basilisk (Lair:1)
  3 great orb of eyes simulacra (IceCv)
  An orc warrior (D:10)
  A centaur (D:8)
  A wolf (Lair:1)
  3 slime creature simulacra (IceCv)
  A bullfrog (shapeshifter) (D:8)
  2 killer bees (D:10)
  An elephant simulacrum (Lair:2)
  2 howler monkeys
  A jelly (D:8)
  2 orc priests (D:10)
  3 orc wizards (D:10)
  3 gnolls (D:10)
  3 orcs
51 creatures vanquished.

Vanquished Creatures (others)
  A slime creature (IceCv)
  A battlemage (D:10)
  3 ancestors (D:8)
  A shadow imp (D:8)
  3 fungi
  21 plants
30 creatures vanquished.

Grand Total: 365 creatures vanquished

Notes
Turn   | Place    | Note
-------+----------+-------------------------------------------
     0 | D:5      | flotson the Demonspawn Delver began the quest for the Orb.
     0 | D:5      | Reached XP level 1. HP: 18/18 MP: 1/1
    11 | D:5      | Noticed a hound
    26 | D:5      | Killed a hound
    27 | D:5      | Reached skill level 1 in Evocations
    27 | D:5      | Gained mutation: You are partially covered in sharp spines.
                  | [demonic ancestry]
    27 | D:5      | Reached XP level 2. HP: 16/24 MP: 2/2
    27 | D:5      | Gained mutation: You are mostly covered in sharp spines.
                  | [demonic ancestry]
    27 | D:5      | Reached XP level 3. HP: 20/29 MP: 3/3
    97 | D:5      | Reached skill level 1 in Armour
   152 | D:5      | Gained mutation: You are partially covered in thin metallic
                  | scales. (AC +2) [demonic ancestry]
   152 | D:5      | Reached XP level 4. HP: 10/35 MP: 4/4
   426 | D:4      | Noticed a phantom
   431 | D:4      | Found a glowing drain.
   440 | Sewer    | Entered a sewer
   528 | Sewer    | Reached skill level 5 in Stealth
   640 | D:4      | Gained mutation: You have a pair of small antennae on your
                  | head. [demonic ancestry]
   640 | D:4      | Reached XP level 5. HP: 38/41 MP: 5/5
   643 | D:4      | Noticed a lemure
   643 | D:4      | Noticed Pikel
   643 | D:4      | Noticed a lemure
   644 | D:4      | Noticed a lemure
   646 | D:4      | Noticed a lemure
   699 | D:2      | Found Osoasiuf's Book Shop.
   924 | D:1      | Found a faded altar of an unknown god.
  1303 | D:1      | Reached skill level 1 in Throwing
  1452 | D:2      | Found Pug Inou's Assorted Antiques.
  1459 | D:2      | Bought a scroll labelled IXYFIH SAHY for 24 gold pieces
  1459 | D:2      | Bought a scroll labelled IXYFIH SAHY for 24 gold pieces
  1609 | D:2      | Found a shadowy altar of Dithmenos.
  1617 | D:2      | Got the Guidebook on Putrid Companions
  1707 | D:2      | Found Omoulek's General Store.
  1836 | D:2      | Noticed Jessica
  1838 | D:2      | Killed Jessica
  2286 | D:2      | Found Faifidd's Magic Scroll Emporium.
  2296 | D:2      | Bought a scroll of teleportation for 36 gold pieces
  2609 | D:2      | Found Iqerghu's Assorted Antiques.
  2744 | D:3      | Noticed Grinder
  3035 | D:3      | Reached skill level 4 in Fighting
  3035 | D:3      | Gained mutation: You have a pair of antennae on your head.
                  | [demonic ancestry]
  3035 | D:3      | Reached XP level 6. HP: 48/48 MP: 6/6
  3259 | D:3      | Identified the +1 scale mail "Mithry" {rC+ Will+}
  3299 | D:3      | Killed Grinder
  3519 | D:2      | Bought a black potion for 18 gold pieces
  3519 | D:2      | Bought a metallic black potion for 18 gold pieces
  3610 | D:3      | Gained mutation: You may rarely emit foul miasma when
                  | damaged in melee. [demonic ancestry]
  3610 | D:3      | Reached XP level 7. HP: 55/55 MP: 7/7
  4140 | D:4      | Got Oheigu's Compendium of the Solid Iceberg
  4586 | D:4      | Killed Pikel
  4587 | D:4      | Reached skill level 5 in Fighting
  4587 | D:4      | Gained mutation: You are mostly covered in thin metallic
                  | scales. (AC +3) [demonic ancestry]
  4587 | D:4      | Reached XP level 8. HP: 21/62 MP: 8/8
  4845 | D:5      | Found a shimmering blue altar of Sif Muna.
  5215 | D:2      | Bought 2 ruby potions for 36 gold pieces
  5215 | D:2      | Bought a scroll labelled BYEROLOTHRI for 20 gold pieces
  5215 | D:2      | Bought 3 scrolls labelled IXYFIH SAHY for 60 gold pieces
  5298 | D:2      | Bought a scroll labelled IXYFIH SAHY for 24 gold pieces
  5523 | D:5      | Found a large runed translucent door.
  5523 | D:5      | Found a large runed translucent door.
  5527 | D:5      | Found a shimmering altar of Xom.
  6629 | D:6      | Found a staircase to the Ecumenical Temple.
  6664 | Temple   | Entered the Ecumenical Temple
  6695 | Temple   | Became a worshipper of Hepliaklqana the Forgotten
  6754 | D:6      | Reached skill level 1 in Invocations
  7144 | D:6      | Found a bloodstained altar of Trog.
  7164 | D:6      | Gained mutation: You have a pair of large antennae on your
                  | head. (SInv) [demonic ancestry]
  7164 | D:6      | Reached XP level 9. HP: 24/69 MP: 10/10
  7256 | D:6      | Found a runed translucent door.
  7257 | D:6      | Noticed Crazy Yiuf
  7264 | D:6      | Killed Crazy Yiuf
  7453 | D:6      | Reached skill level 5 in Evocations
  7693 | D:6      | Found a staircase to the Ecumenical Temple.
  7860 | D:6      | Found a bloodstained altar of Trog.
  8458 | D:2      | Bought a scroll of enchant weapon for 90 gold pieces
  8687 | D:7      | Found Lumeifaff's Jewellery Emporium.
  8693 | D:7      | Reached skill level 6 in Fighting
  8693 | D:7      | Reached skill level 5 in Dodging
  9130 | D:8      | Reached * piety under Hepliaklqana
  9172 | D:8      | Reached skill level 5 in Armour
  9308 | D:8      | Noticed Erica
  9308 | D:8      | Noticed a two-headed ogre
  9442 | D:8      | Killed a two-headed ogre
  9443 | D:8      | Reached skill level 5 in Throwing
  9443 | D:8      | Reached XP level 10. HP: 69/69 MP: 13/13
  9468 | D:8      | Noticed a two-headed ogre
  9494 | D:8      | Killed a two-headed ogre
  9514 | D:8      | Found a transporter.
  9521 | D:8      | Found a transporter.
  9528 | D:8      | Found a broken altar of Ashenzari.
  9545 | D:8      | an unseen horror changed into a guardian serpent
  9545 | D:8      | Noticed a guardian serpent (shapeshifter)
  9549 | D:8      | a guardian serpent changed into a polar bear
  9615 | D:8      | Killed Erica
  9616 | D:8      | Reached skill level 5 in Invocations
  9618 | D:8      | Found a sacrificial altar of Ru.
  9659 | D:8      | Reached skill level 7 in Fighting
  9749 | D:8      | Paralysed by a hornet for 2 turns
 10004 | D:9      | Noticed a centaur warrior
 10004 | D:9      | Noticed a centaur warrior
 10012 | D:9      | Killed a centaur warrior
 10013 | D:9      | Reached skill level 5 in Axes
 10013 | D:9      | Reached skill level 1 in Shields
 10015 | D:9      | Killed a centaur warrior
 10024 | D:9      | Noticed Gastronok
 10138 | D:9      | Noticed a cyclops
 10147 | D:9      | Killed a cyclops
 10148 | D:9      | Reached XP level 11. HP: 75/75 MP: 15/15
 10174 | D:9      | Noticed a two-headed ogre
 10177 | D:9      | Noticed flotson's ghost (journeyman DsDe)
 10178 | D:9      | Found a transporter.
 10178 | D:9      | Noticed a two-headed ogre
 10178 | D:9      | Noticed a two-headed ogre
 10180 | D:9      | Noticed a two-headed ogre
 10227 | D:9      | Noticed Grum
 10233 | D:9      | Killed Grum
 10259 | D:9      | Reached ** piety under Hepliaklqana
 10260 | D:9      | Remembered your ancestor Cyneburga as a battlemage
 10411 | D:9      | Killed Gastronok
 10502 | D:9      | Found a staircase to the Lair.
 10721 | D:10     | Entered Level 10 of the Dungeon
 10781 | D:10     | Noticed Psyche
 10787 | D:10     | Killed Psyche
 10883 | D:10     | Identified the +2 hat of Okawaru's Delight {rC- Regen+
                  | Dex+2}
 11043 | D:10     | Noticed a boulder beetle
 11247 | D:10     | Reached skill level 8 in Fighting
 11406 | D:10     | Found a staircase to the Orcish Mines.
 11495 | D:10     | Killed a boulder beetle
 11707 | Lair:1   | Entered Level 1 of the Lair of Beasts
 11890 | Lair:1   | Found a transporter.
 11891 | Lair:1   | Found a transporter.
 11892 | Lair:1   | Noticed a boulder beetle
 11899 | Lair:1   | Reached *** piety under Hepliaklqana
 12022 | Lair:1   | Noticed a six-headed hydra
 12024 | Lair:1   | You fall into a shaft and drop 1 floor!
 12024 | Lair:2   | Found a frozen archway.
 12029 | IceCv    | Entered an ice cave
 12062 | IceCv    | Reached XP level 12. HP: 83/83 MP: 17/17
 12593 | IceCv    | Noticed a quicksilver ooze
 12596 | IceCv    | Killed a quicksilver ooze
 12931 | IceCv    | Found a viscous altar of Jiyva.
 12931 | IceCv    | Noticed an azure jelly
 12933 | IceCv    | Noticed a quicksilver ooze
 12943 | IceCv    | Killed an azure jelly
 12943 | IceCv    | Killed a quicksilver ooze
 13068 | IceCv    | Identified the +2 leather armour of the Tick {rF+ Int+4}
 13216 | Lair:2   | Noticed Fannar
 13236 | Lair:2   | Killed Fannar
 13237 | Lair:2   | Reached skill level 9 in Fighting
 13283 | Lair:2   | Slain by a wyvern

Illustrated notes

Levels and vault maps discovered:
D:1:      tarquinn_simple_flora_water_a, layout_basic,
          ebering_ecumenical_altar_abandoned, kennysheep_pointless_box,
          minmay_misc_feat_tiny
D:2:      minmay_general_purpose_star, layout_basic, basic_altar, serial_shops,
          nicolae_square_shop, nicolae_square_shop,
          nicolae_shop_advertising_works [nicolae_subvault_shop_adworks],
          nicolae_shop_behind_doors, nicolae_shop_trees, uniq_jessica
D:3:      layout_basic, serial_forest, infiniplex_forest_clump_small,
          infiniplex_forest_lined_2, infiniplex_forest_clump_curved,
          infiniplex_forest_clump_double, infiniplex_forest_lined_3_way,
          infiniplex_forest_clump_tiny, infiniplex_forest_lined_1,
          minmay_diced_spiral, uniq_grinder
D:4:      layout_basic, cheibrodos_sewer_entry_bend, kennysheep_nub,
          minmay_between, uniq_pikel
D:5:      due_chaos_kobolds, layout_basic, led_sif_pool
D:6:      layout_loops_corners, trog_antimagical,
          minmay_temple_entry_sparse_star, uniq_crazy_yiuf_cottage
D:7:      layout_rooms, serial_shops, shop
D:8:      layout_gridville, nicolae_ru_sacrificial_ziggurat,
          gammafunk_temple_overflow_arena, uniq_erica
D:9:      minmay_bloctagon_deflated, layout_loops_ring, david_lair_shrubbed,
          gammafunk_ghost_smash, uniq_gastronok, uniq_grum
D:10:     layout_long_grid, erik_orc_2, uniq_psyche
Temple:   nicolae_temple_bog_church
Lair:1:   gammafunk_boulding_lane, layout_loops_ring, grunt_megastairs_2,
          uniq_amaemon
Lair:2:   beast_lair_carwin_large_3, layout_small_grid,
          portal_ice_cave_entry_ice_simulacra, hibernation_bobbens,
          serial_bayou_shore_b, grunt_megastairs_4, serial_bayou_shore_b,
          uniq_fannar

Skill      XL: |  1  2  3  4  5  6  7  8  9 10 11 12 |
---------------+-------------------------------------+-----
Dodging        | 2 3 4 5 6 7 8 |  8.0
Evocations     | 1 2 3 4 5 6 7 8 |  8.5
Armour         | 1 2 3 4 5 6 7 |  7.9
Stealth        | 5 |  5.0
Throwing       | 1 2 3 4 5 6 7 |  7.5
Fighting       | 4 5 6 7 8 9 |  9.1
Axes           | 3 4 5 6 7 |  7.0
Invocations    | 1 4 6 7 8 |  8.0
Shields        | 1 3 4 |  4.8

Action                   |  1- 3 |  4- 6 |  7- 9 | 10-12 || total
-------------------------+-------+-------+-------+-------++-------
Melee: Hand axe          |    16 |    56 |       |       ||    72
       Dagger            |       |    55 |    94 |       ||   149
       Rapier            |       |    13 |       |       ||    13
       Punch             |       |     2 |     5 |       ||     7
       Quarterstaff      |       |       |    49 |       ||    49
       Morningstar       |       |       |    35 |       ||    35
       Broad axe         |       |       |    86 |   257 ||   343
Throw: Dart              |       |     2 |    22 |    10 ||    34
       Boomerang         |       |       |     6 |    19 ||    25
Invok: Recall Ancestor   |       |       |       |     2 ||     2
       Ancestor Life: Ba |       |       |       |     1 ||     1
Evoke: Wand              |       |     4 |     1 |    14 ||    19
  Use: Potion            |     1 |       |       |     1 ||     2
       Scroll            |       |     4 |     5 |    22 ||    31
 Stab: Sleeping          |     1 |    14 |     2 |     1 ||    18
       Distracted        |       |     1 |       |     5 ||     6
Armor: Leather armour    |     1 |       |       |       ||     1
       Ring mail         |     3 |    28 |       |       ||    31
       Scale mail        |       |     7 |   132 |   183 ||   322
Dodge: Dodged            |    13 |    51 |   155 |   216 ||   435
Block: Buckler           |       |       |       |    77 ||    77

Table legend: (Time is in decaauts)
 A = Elapsed time spent in this place.
 B = Non-inter-level travel time spent in this place.
 C = Inter-level travel time spent in this place.
 D = Time resting spent in this place.
 E = Time spent auto-exploring this place.
 F = Levels seen in this place.
 G = Mean time per level.
                   A        B        C        D        E       F      G
               +--------+--------+--------+--------+--------+-----+--------+
         Total |  13499 |  12140 |   1359 |    249 |   8712 |  15 |  899.9 |
       Dungeon |  11642 |  10306 |   1336 |    249 |   7524 |  10 | 1164.2 |
        Temple |     55 |     33 |     22 |      0 |     14 |   1 |   55.0 |
          Lair |    478 |    478 |      0 |      0 |    306 |   2 |  239.0 |
         Sewer |    179 |    179 |      0 |      0 |    114 |   1 |  179.0 |
      Ice Cave |   1143 |   1143 |      0 |      0 |    752 |   1 | 1143.0 |
               +--------+--------+--------+--------+--------+-----+--------+

Top non-repeatable levels by time:
     D:6: 1898 daAuts
     D:2: 1765 daAuts
     D:5: 1706 daAuts
     D:4: 1397 daAuts
   IceCv: 1143 daAuts
     D:3: 1057 daAuts
    D:10: 985 daAuts
     D:8: 860 daAuts
     D:9: 793 daAuts
     D:1: 752 daAuts
     D:7: 424 daAuts
  Lair:1: 330 daAuts
   Sewer: 179 daAuts
  Lair:2: 147 daAuts
  Temple: 55 daAuts
